NYP
BROOKLYN CYCLONES @ HILLSBORO HOPS
06/13/2048
 
TOP OF THE 1ST
Brooklyn Cyclones batting - Pitching for Hillsboro Hops : RHP Jose Rodas
Pitching: RHP Jose Rodas
Batting: LHB Elmo Dreier 0-0: Ball
1-0: Ball
2-0: Ball
3-0: Base on Balls
Batting: SHB Callum Lynch 0-0: Called Strike
Elmo Dreier steals 2nd base
0-1: Ball
Wild Pitch!
Elmo Dreier to third
1-1: Called Strike
1-2: Strikes out looking
Batting: RHB Jayden Copeland 0-0: Ground out 6-3 (Groundball, 6, EV 108.1 MPH)
Elmo Dreier scores
Batting: RHB Victor Reyes 0-0: Ball
1-0: Ball
2-0: Called Strike
2-1: DOUBLE (Groundball, 5L, EV 102.5 MPH)
Batting: SHB Salvador Gomez 0-0: Ball
1-0: Foul Ball, location: 2F
1-1: Ground out U3 (Groundball, 3, EV 83.1 MPH)
Top of the 1st over - 1 run, 1 hit, 0 errors, 1 left on base; Brooklyn 1 - Hillsboro 0
BOTTOM OF THE 1ST
Hillsboro Hops batting - Pitching for Brooklyn Cyclones : RHP Jonathan Colyer
Pitching: RHP Jonathan Colyer
Batting: RHB Yutaka Oki 0-0: Ground out 6-3 (Groundball, 6, EV 92.5 MPH)
Batting: RHB Daniel Rivera 0-0: Foul Ball, location: 2F
0-1: Swinging Strike
0-2: Fly out, F3 (Popup, 34, EV 72.5 MPH)
Batting: RHB Terry Jarrells 0-0: Ball
1-0: SINGLE (Line Drive, 5L, EV 107.5 MPH)
Batting: LHB Franklin Quezada 0-0: Ball
1-0: Fly out, F8 (Flyball, 8LM, EV 93.1 MPH)
Bottom of the 1st over - 0 runs, 1 hit, 0 errors, 1 left on base; Brooklyn 1 - Hillsboro 0
TOP OF THE 2ND
Brooklyn Cyclones batting - Pitching for Hillsboro Hops : RHP Jose Rodas
Batting: RHB Tom Primmer 0-0: Called Strike
0-1: Ground out 5-3 (Groundball, 56, EV 90.0 MPH)
Batting: RHB Chris Pynn 0-0: Swinging Strike
0-1: Fly out, F8 (Flyball, 8LD, EV 75.0 MPH)
Batting: RHB Roberto Delgado 0-0: Called Strike
0-1: Foul Ball, location: 2F
0-2: Foul Ball, location: 2F
0-2: Foul Ball, location: 2F
0-2: Ball
1-2: Ball
2-2: DOUBLE (Line Drive, 7LS, EV 90.6 MPH)
Batting: SHB Duri Chilemba 0-0: Called Strike
0-1: Ball
1-1: Ground out 5-3 (Groundball, 5, EV 89.4 MPH)
Top of the 2nd over - 0 runs, 1 hit, 0 errors, 1 left on base; Brooklyn 1 - Hillsboro 0
BOTTOM OF THE 2ND
Hillsboro Hops batting - Pitching for Brooklyn Cyclones : RHP Jonathan Colyer
Batting: RHB Jonathan Underhill 0-0: Ball
1-0: Ball
2-0: Ball
3-0: Called Strike
3-1: Base on Balls
Batting: RHB Antonio Luisa 0-0: Ball
1-0: Ball
2-0: Ball
3-0: Called Strike
3-1: Grounds into double play, 6-4-3 (Groundball, 56, EV 109.4 MPH)
Batting: RHB Chris McGrath 0-0: Fly out, F7 (Flyball, 7D, EV 98.1 MPH)
Bottom of the 2nd over - 0 runs, 0 hits, 0 errors, 0 left on base; Brooklyn 1 - Hillsboro 0
TOP OF THE 3RD
Brooklyn Cyclones batting - Pitching for Hillsboro Hops : RHP Jose Rodas
Batting: LHB Elmo Dreier 0-0: Foul Ball, location: 2F
0-1: Foul Ball, location: 2F
0-2: Foul Ball, location: 2F
0-2: Strikes out swinging
Batting: SHB Callum Lynch 0-0: Ball
1-0: Ground out U3 (Groundball, 3, EV 88.1 MPH)
Batting: RHB Jayden Copeland 0-0: Ground out U3 (Groundball, 3, EV 83.8 MPH)
Top of the 3rd over - 0 runs, 0 hits, 0 errors, 0 left on base; Brooklyn 1 - Hillsboro 0
BOTTOM OF THE 3RD
Hillsboro Hops batting - Pitching for Brooklyn Cyclones : RHP Jonathan Colyer
Batting: LHB Josh Kirk 0-0: Ball
1-0: Called Strike
1-1: Ball
2-1: Ball
3-1: Ground out 6-3 (Groundball, 6, EV 86.9 MPH)
Batting: RHB Trevor Corey 0-0: Ground out 5-3 (Groundball, 5, EV 98.8 MPH)
Batting: RHB Yutaka Oki 0-0: Ball
1-0: Foul Ball, location: 2F
1-1: Ground out 5-3 (Groundball, 56S, EV 72.5 MPH)
Bottom of the 3rd over - 0 runs, 0 hits, 0 errors, 0 left on base; Brooklyn 1 - Hillsboro 0
TOP OF THE 4TH
Brooklyn Cyclones batting - Pitching for Hillsboro Hops : RHP Jose Rodas
Batting: RHB Victor Reyes 0-0: Called Strike
0-1: Ball
1-1: Foul Ball, location: 2F
1-2: Foul Ball, location: 2F
1-2: Foul Ball, location: 2F
1-2: Ball
2-2: Foul Ball, location: 2F
2-2: Ball
3-2: Base on Balls
Batting: SHB Salvador Gomez 0-0: Ball
1-0: Swinging Strike
1-1: Fly out, F3 (Line Drive, 3, EV 64.4 MPH)
Lined into DP, U3 (Line Drive, 3, EV 66.2 MPH)
Batting: RHB Tom Primmer 0-0: Called Strike
0-1: Ball
1-1: Ball
2-1: Foul Ball, location: 2F
2-2: Ball
3-2: Ground out 6-3 (Groundball, 6, EV 84.4 MPH)
Top of the 4th over - 0 runs, 0 hits, 0 errors, 0 left on base; Brooklyn 1 - Hillsboro 0
BOTTOM OF THE 4TH
Hillsboro Hops batting - Pitching for Brooklyn Cyclones : RHP Jonathan Colyer
Batting: RHB Daniel Rivera 0-0: Foul Ball, location: 2F
0-1: Hit by Pitch
Batting: RHB Terry Jarrells 0-0: Called Strike
0-1: Ball
1-1: Grounds into double play, 6-4-3 (Groundball, 6, EV 106.2 MPH)
Batting: LHB Franklin Quezada 0-0: Ball
1-0: Called Strike
1-1: Ground out 6-3 (Groundball, P, EV 90.0 MPH)
Bottom of the 4th over - 0 runs, 0 hits, 0 errors, 0 left on base; Brooklyn 1 - Hillsboro 0
TOP OF THE 5TH
Brooklyn Cyclones batting - Pitching for Hillsboro Hops : RHP Jose Rodas
Batting: RHB Chris Pynn 0-0: Ball
1-0: Called Strike
1-1: Ball
2-1: Called Strike
2-2: Ball
3-2: Strikes out swinging
Batting: RHB Roberto Delgado 0-0: Hit by Pitch
Pinch Runner at 1st Ryan Brown:
Batting: SHB Duri Chilemba 0-0: Called Strike
0-1: Called Strike
Ryan Brown steals 2nd base
0-2: Foul Ball, location: 2F
0-2: Ball
1-2: Strikes out swinging
Batting: LHB Elmo Dreier 0-0: Fly out, F8 (Flyball, 8RM, EV 86.9 MPH)
Top of the 5th over - 0 runs, 0 hits, 0 errors, 1 left on base; Brooklyn 1 - Hillsboro 0
BOTTOM OF THE 5TH
Hillsboro Hops batting - Pitching for Brooklyn Cyclones : RHP Jonathan Colyer
Batting: RHB Jonathan Underhill 0-0: Ball
1-0: Swinging Strike
1-1: Foul Ball, location: 2F
1-2: Ground out 5-3 (Groundball, 56, EV 86.9 MPH)
Batting: RHB Antonio Luisa 0-0: Ball
1-0: SOLO HOME RUN (Flyball, 7D, EV 106.9 MPH), Distance : 412 ft
Batting: RHB Chris McGrath 0-0: Ball
1-0: Ball
2-0: Ball
3-0: Called Strike
3-1: Base on Balls
Batting: LHB Josh Kirk 0-0: Called Strike
0-1: Grounds into double play, 6-4-3 (Groundball, 6, EV 88.8 MPH)
Bottom of the 5th over - 1 run, 1 hit, 0 errors, 0 left on base; Brooklyn 1 - Hillsboro 1
TOP OF THE 6TH
Brooklyn Cyclones batting - Pitching for Hillsboro Hops : RHP Jose Rodas
Batting: SHB Callum Lynch 0-0: Ball
1-0: Ball
2-0: Called Strike
2-1: Called Strike
2-2: Strikes out swinging
Pitching: RHP Dan Thompson
Batting: RHB Jayden Copeland 0-0: Ball
1-0: Ground out 6-3 (Groundball, 6, EV 97.5 MPH)
Batting: RHB Victor Reyes 0-0: Ball
1-0: Ball
2-0: Called Strike
2-1: Ball
3-1: Base on Balls
Batting: SHB Salvador Gomez 0-0: Called Strike
0-1: Ball
Passed Ball!
Victor Reyes to second
1-1: Ball
2-1: Ground out U3 (Groundball, 34S, EV 88.8 MPH)
Top of the 6th over - 0 runs, 0 hits, 0 errors, 1 left on base; Brooklyn 1 - Hillsboro 1
BOTTOM OF THE 6TH
Hillsboro Hops batting - Pitching for Brooklyn Cyclones : RHP Jonathan Colyer
Batting: RHB Trevor Corey 0-0: Foul Ball, location: 2F
0-1: Swinging Strike
0-2: Ball
1-2: Ball
2-2: Ball
3-2: SINGLE (Groundball, 4MD, EV 102.5 MPH)
Batting: RHB Yutaka Oki 0-0: Swinging Strike
0-1: Ball
1-1: Called Strike
1-2: Strikes out swinging
Batting: RHB Daniel Rivera 0-0: Called Strike
0-1: Foul Ball, location: 2F
0-2: Ball
1-2: Ball
2-2: Foul Ball, location: 2F
2-2: Ground out 6-3 (Groundball, 56D, EV 105.6 MPH)
Trevor Corey to second
Batting: RHB Terry Jarrells 0-0: Ball
1-0: Ball
2-0: Foul Ball, location: 2F
2-1: Foul Ball, location: 2F
2-2: Ground out U3 (Groundball, 13, EV 83.1 MPH)
Bottom of the 6th over - 0 runs, 1 hit, 0 errors, 1 left on base; Brooklyn 1 - Hillsboro 1
TOP OF THE 7TH
Brooklyn Cyclones batting - Pitching for Hillsboro Hops : RHP Dan Thompson
Batting: RHB Tom Primmer 0-0: Ball
1-0: Foul Ball, location: 2F
1-1: Foul Ball, location: 2F
1-2: Strikes out swinging
Batting: RHB Chris Pynn 0-0: Foul Ball, location: 2F
0-1: SOLO HOME RUN (Line Drive, 7D, EV 105.0 MPH), Distance : 408 ft
Batting: SHB Ryan Brown 0-0: Foul Ball, location: 2F
0-1: Foul Ball, location: 2F
0-2: Foul Ball, location: 2F
0-2: Ball
1-2: Foul Ball, location: 2F
1-2: Ball
2-2: Ground out U3 (Groundball, 13, EV 90.0 MPH)
Batting: SHB Duri Chilemba 0-0: Ground out U3 (Groundball, 34, EV 83.8 MPH)
Top of the 7th over - 1 run, 1 hit, 0 errors, 0 left on base; Brooklyn 2 - Hillsboro 1
BOTTOM OF THE 7TH
Hillsboro Hops batting - Pitching for Brooklyn Cyclones : RHP Jonathan Colyer
Batting: LHB Franklin Quezada 0-0: Ball
1-0: Ground out U3 (Groundball, 34, EV 103.8 MPH)
Batting: RHB Jonathan Underhill 0-0: Ball
1-0: Ball
2-0: Ground out 5-3 (Groundball, 56, EV 80.6 MPH)
Batting: RHB Antonio Luisa 0-0: Called Strike
0-1: Ball
1-1: Ball
2-1: Ball
3-1: Base on Balls
Batting: RHB Chris McGrath 0-0: Fielders Choice at 2nd, U4 (Groundball, 4M, EV 99.4 MPH)
Bottom of the 7th over - 0 runs, 0 hits, 0 errors, 1 left on base; Brooklyn 2 - Hillsboro 1
TOP OF THE 8TH
Brooklyn Cyclones batting - Pitching for Hillsboro Hops : RHP Dan Thompson
Batting: LHB Elmo Dreier 0-0: Ball
1-0: Foul Ball, location: 2F
1-1: Ground out 5-3 (Groundball, 56S, EV 80.6 MPH)
Batting: SHB Callum Lynch 0-0: Ball
1-0: Foul Ball, location: 2F
1-1: Swinging Strike
1-2: Ball
2-2: Strikes out swinging
Batting: RHB Jayden Copeland 0-0: Called Strike
0-1: Ball
1-1: Swinging Strike
1-2: Ball
2-2: SINGLE (Line Drive, 89M, EV 96.2 MPH)
Pitching: LHP Matt Bagnall
Batting: RHB Victor Reyes 0-0: Ball
1-0: Ball
2-0: Called Strike
2-1: Swinging Strike
2-2: Ball
3-2: Foul Ball, location: 2F
3-2: Strikes out looking
Top of the 8th over - 0 runs, 1 hit, 0 errors, 1 left on base; Brooklyn 2 - Hillsboro 1
BOTTOM OF THE 8TH
Hillsboro Hops batting - Pitching for Brooklyn Cyclones : RHP Jonathan Colyer
Batting: LHB Josh Kirk 0-0: Called Strike
0-1: Foul Ball, location: 2F
0-2: Foul Ball, location: 2F
0-2: Ground out U3 (Groundball, 3S, EV 93.1 MPH)
Batting: RHB Trevor Corey 0-0: Ball
1-0: Ball
2-0: Swinging Strike
2-1: Swinging Strike
2-2: Foul Ball, location: 2F
2-2: Strikes out swinging
Batting: RHB Yutaka Oki 0-0: Ground out 1-3 (Groundball, 13S, EV 65.0 MPH)
Bottom of the 8th over - 0 runs, 0 hits, 0 errors, 0 left on base; Brooklyn 2 - Hillsboro 1
TOP OF THE 9TH
Brooklyn Cyclones batting - Pitching for Hillsboro Hops : LHP Matt Bagnall
Batting: SHB Salvador Gomez 0-0: Ground out 4-3 (Groundball, 4, EV 83.1 MPH)
Batting: RHB Tom Primmer 0-0: Called Strike
0-1: Foul Ball, location: 2F
0-2: Strikes out swinging
Batting: RHB Chris Pynn 0-0: Ball
1-0: Ball
2-0: Ball
3-0: Called Strike
3-1: Called Strike
3-2: Fly out, F9 (Flyball, 9LD, EV 88.1 MPH)
Top of the 9th over - 0 runs, 0 hits, 0 errors, 0 left on base; Brooklyn 2 - Hillsboro 1
BOTTOM OF THE 9TH
Hillsboro Hops batting - Pitching for Brooklyn Cyclones : RHP Jonathan Colyer
Pitching: RHP Leo Burgos
Batting: RHB Daniel Rivera 0-0: Called Strike
0-1: Foul Ball, location: 2F
0-2: Ball
1-2: Ball
2-2: Ball
3-2: Strikes out looking
Batting: LHB Josh Thomas 0-0: Called Strike
0-1: Ball
1-1: Swinging Strike
1-2: Ball
2-2: Foul Ball, location: 2F
2-2: DOUBLE (Line Drive, 9LS, EV 93.1 MPH)
Batting: LHB Franklin Quezada 0-0: Swinging Strike
0-1: Called Strike
0-2: Ball
1-2: Ball
2-2: Strikes out looking
Batting: RHB Jonathan Underhill 0-0: Ball
1-0: Called Strike
1-1: Ball
2-1: Foul Ball, location: 2F
2-2: Strikes out swinging
Bottom of the 9th over - 0 runs, 1 hit, 0 errors, 1 left on base; Brooklyn 2 - Hillsboro 1
Tuesday, March 28th , 2023 - OOTP Baseball 23.10 Build 110